 Dungeon Crawl Stone Soup version 0.19-a0-526-gbe2e51c (webtiles) character file.

378 beholder the Sneak (level 6, 0/43 HPs)
             Began as an Octopode Monk on June 7, 2016.
             Slain by epen's ghost (9 damage)
             ... on level 4 of the Dungeon.
             The game lasted 00:22:48 (4296 turns).

beholder the Sneak (Octopode Monk)                  Turns: 4296, Time: 00:22:49

Health: 0/43       AC:  1    Str: 11    XL:     6   Next: 74%
Magic:  6/6        EV: 13    Int: 14    God:
Gold:   197        SH:  4    Dex: 14    Spells: 0 memorised, 5 levels left

rFire  . . .     SeeInvis .     e - +3 dagger (speed)
rCold  . . .     Gourm    .     t - +0 buckler
rNeg   . . .     Faith    .     (helmet restricted)
rPois  .         Spirit   .     (no amulet)
rElec  .         Dismiss  .     (no ring)
rCorr  .         Reflect  .     (no ring)
SustAt .         Harm     .     (no ring)
MR     .....                    (no ring)
Stlth  ++++......               (no ring)
                                (no ring)
                                (no ring)
                                (no ring)

@: not resistant to hostile enchantments, stealthy
A: almost no armour, amphibious, 8 rings, constrict 8, camouflage 1, gelatinous
body 1
a: no special abilities


You were on level 4 of the Dungeon.
You were not hungry.

You visited 1 branch of the dungeon, and saw 4 of its levels.

You collected 197 gold pieces.

Inventory:

Hand Weapons
 e - a +3 dagger of speed (weapon)
 u - a +0 long sword of protection
Missiles
 o - 8 javelins (quivered)
Armour
 t - a +0 buckler (worn)
Scrolls
 g - a scroll of enchant weapon
 h - 2 scrolls of remove curse
 p - 2 scrolls of teleportation {unknown}
 q - a scroll of fear {unknown}
 s - a scroll of magic mapping
 v - a scroll of enchant armour {unknown}
Potions
 b - a potion of agility {unknown}
 c - a potion of cure mutation {unknown}
 d - a potion of brilliance {unknown}
 f - 3 potions of lignification {unknown}
 k - 3 potions of curing {unknown}
 l - 2 potions of degeneration {unknown}
 m - 3 potions of might {unknown}
 n - a potion of flight {unknown}
 r - a potion of cancellation {unknown}
Comestibles
 a - 5 bread rations
 i - 2 royal jellies
 j - 2 beef jerkies


   Skills:
 + Level 4.3 Fighting
 + Level 3.0 Short Blades
 - Level 4.0 Dodging
 + Level 5.2 Stealth
 + Level 1.7 Shields
 - Level 4.2 Unarmed Combat


You had 5 spell levels left.
You didn't know any spells.

Dungeon Overview and Level Annotations

Branches:
Dungeon (4/15)
 Temple: D:4-7

Altars:
Cheibriados
Fedhas
Pakellas
Qazlal

Shops:
D:4 =

Annotations:
D:3 George's ghost, amateur DsGl
D:4 Dowan; Duvessa; Menkaure; epen's ghost, novice OpMo


Innate Abilities, Weirdness & Mutations

You cannot wear most types of armour.
You are amphibious.
You can wear up to eight rings at the same time.
You can use your tentacles to constrict eight enemies at once.
Your skin changes colour to match your surroundings (Stealth+).
Your rubbery body absorbs attacks. (AC +1)


Message History

The giant gecko is moderately wounded.
The giant gecko bites you.
You take 3 damage, and have 22/43 hp.
You hit the giant gecko.
You kill the giant gecko!
You barely miss epen's ghost.
Epen's ghost is lightly damaged.
Epen's ghost hits you.
You take 4 damage, and have 18/43 hp.
You closely miss epen's ghost.
Epen's ghost is lightly damaged.
You closely miss epen's ghost.
Epen's ghost is lightly damaged.
Epen's ghost hits you!
* * * LOW HITPOINT WARNING * * *
You take 11 damage, and have 7/43 hp.
MASSIVE DAMAGE!!
Epen's ghost shouts, "You will never get the ORB!"
Epen's ghost stares at you. Epen's ghost hits you!
You die...

......#,* *,* *,*,*,*
......#,* *,* *,*,*,*
#####.#,* *,*******,*,*,*
#.#,* *,,,,,,,,,*,*,*
#.#,****************,*,*
#.#,,,,,,,,,,,,,,,,,,*,***###
#.#,******************,,,,...
#.###########################
#..........W@................
#############################


You could see epen's ghost.

Vanquished Creatures
  2 howler monkeys (D:4)
  An orc wizard (D:4)
  A giant frog skeleton (D:4)
  2 iguanas
  4 gnolls (D:3)
  7 adders
  An ooze (D:4)
  A dart slug (D:1)
  3 giant geckos
  15 orcs
  4 bats
  4 giant cockroaches
  3 goblins
  7 hobgoblins
  2 jackals (D:2)
  A quokka (D:2)
  4 ball pythons
  A giant gecko skeleton (D:4)
  5 giant newts
  7 kobolds
  A quokka skeleton (D:4)
  5 rats
  2 fungi (D:2)
83 creatures vanquished.

Notes
Turn   | Place    | Note
--------------------------------------------------------------
     0 | D:1      | beholder the Octopode Monk began the quest for the Orb.
     0 | D:1      | Reached XP level 1. HP: 16/16 MP: 1/1
   309 | D:1      | Reached XP level 2. HP: 21/21 MP: 2/2
   594 | D:2      | Reached skill level 3 in Stealth
   702 | D:2      | Reached skill level 1 in Short Blades
   702 | D:2      | Reached XP level 3. HP: 21/26 MP: 3/3
   810 | D:2      | Found an oddly glowing altar of Pakellas.
  1317 | D:2      | Found a stormy altar of Qazlal.
  1320 | D:2      | Found a blossoming altar of Fedhas.
  1413 | D:2      | Reached XP level 4. HP: 24/31 MP: 4/4
  1818 | D:3      | Noticed George's ghost (amateur DsGl)
  1859 | D:3      | Reached skill level 4 in Stealth
  1862 | D:3      | Reached XP level 5. HP: 36/36 MP: 5/5
  2429 | D:3      | Found a snail-covered altar of Cheibriados.
  3137 | D:4      | Reached skill level 1 in Shields
  3137 | D:4      | Reached XP level 6. HP: 40/43 MP: 6/6
  3207 | D:4      | Reached skill level 5 in Stealth
  3349 | D:4      | Found a glowing drain.
  3396 | D:4      | Found Baor's Jewellery Emporium.
  3396 | D:4      | Noticed Menkaure
  3396 | D:4      | Noticed Dowan
  3499 | D:4      | Noticed Duvessa
  4264 | D:4      | Noticed epen's ghost (novice OpMo)
  4296 | D:4      | Slain by epen's ghost

Vault maps used:
D:1:      saegor_arrival_simple_d
D:2:      grunt_temple_overflow_forces_of_nature, grunt_pakellas_basics
D:3:      cheibriados_altar_1, first_bread, kennysheep_nub,
          mrwooster_statue_mirror
D:4:      portal_sewer_entry_d, serial_shops, shop, uniq_menkaure, uniq_duvessa

Skill      XL: |  1  2  3  4  5  6 |
---------------+-------------------+-----
Stealth        | 3 4 5 |  5.2
Short Blades   | 1 2 3 |  3.0
Dodging        | 4 |  4.0
Fighting       | 4 |  4.3
Shields        | 1 |  1.7
Unarmed Combat | |  4.2

Action                   |  1- 3 |  4- 6 || total
-------------------------+-------+-------++-------
Melee: Unarmed           |    10 |       ||    10
       Constrict         |    13 |    32 ||    45
       Tentacles         |    10 |    25 ||    35
       Punch             |     6 |     6 ||    12
       Dagger            |    55 |   151 ||   206
Throw: Javelin           |     1 |     6 ||     7
  Use: Scroll            |       |     4 ||     4
 Stab: Sleeping          |     8 |     7 ||    15
  Eat: Chunk             |     1 |     9 ||    10
Armor: Skin              |     1 |     3 ||     4
Dodge: Dodged            |    16 |    57 ||    73
Block: Buckler           |       |     5 ||     5
